 Dungeon Crawl Stone Soup version 0.23.0-3-gf3c87f2df8 (webtiles) character file.

Game seed: 18146403938386318600

185976 Peloso the Hoplite (level 17, -8/156 HPs)
             Began as a Minotaur Fighter on Feb 23, 2019.
             Was the Champion of Okawaru.
             Drowned by a water elemental (9 damage)
             ... summoned by Ilsuiw
             ... on level 2 of the Shoals.
             The game lasted 01:57:35 (41379 turns).

Peloso the Hoplite (Minotaur Fighter)              Turns: 41379, Time: 01:57:36

Health: -8/156     AC: 38    Str: 30    XL:     17   Next: 42%
Magic:  26/26      EV:  9    Int:  9    God:    Okawaru [******]
Gold:   793        SH: 19    Dex: 27    Spells: 16/16 levels left

rFire    x . .     SeeInvis .   b - +7 demon blade of Slow Death {pain, rF- MR- Str+2 Dex+7}
rCold    + . .     Gourm    .   x - +0 shield {rC+}
rNeg     . . .     Faith    +   E - +3 crystal plate armour of Zexudib {MP+9 Int+4 Dex+3}
rPois    +         Spirit   .   D - +1 hat
rElec    +         Reflect  .   K - +2 cloak {rPois}
rCorr    +         Harm     .   U - +0 pair of gloves {Dex+3}
MR       .....                  j - +2 pair of boots of Egalitarianism {+Inv Stlth+}
Stlth    ..........             q - amulet "Huun" {Faith Str+2 Dex+2}
HPRegen  0.36/turn              (no ring)
MPRegen  0.20/turn              u - ring of Devotion {rCorr *Corrode +Fly rElec}

@: engulfed (cannot breathe), slowed, very slow
A: retaliatory headbutt, horns 2
}: 1/15 runes: gossamer
a: Heroism, Finesse, Renounce Religion, Evoke Invisibility, Evoke Flight


You were on level 2 of the Shoals.
You worshipped Okawaru.
Okawaru was exalted by your worship.
You were not hungry.

You visited 6 branches of the dungeon, and saw 30 of its levels.
You also visited: Gauntlet and Volcano.

You collected 2567 gold pieces.
You spent 1774 gold pieces at shops.

Inventory:

Hand Weapons
 a - a +0 falchion of flaming
 b - the +7 demon blade of Slow Death (weapon) {pain, rF- MR- Str+2 Dex+7}
   (Okawaru gifted it to you on level 4 of the Spider Nest)

   In the hands of one skilled in necromantic magic, it inflicts extra damage on
   living creatures.
   It affects your strength (+2).
   It affects your dexterity (+7).
   It makes you vulnerable to fire.
   It affects your resistance to hostile enchantments.
 o - a +2 falchion of holy wrath
Armour
 j - the +2 pair of boots of Egalitarianism (worn) {+Inv Stlth+}
   (You found it on level 8 of the Dungeon)

   It lets you turn invisible.
   It makes you more stealthy.
 t - a scarf of resistance
 x - a +0 shield of cold resistance (worn)
 D - a +1 hat (worn)
 E - the +3 crystal plate armour of Zexudib (worn) {MP+9 Int+4 Dex+3}
   (Okawaru gifted it to you on level 4 of the Lair of Beasts)

   It affects your intelligence (+4).
   It affects your dexterity (+3).
   It affects your magic capacity (+9).
 G - a scarf of cloud immunity
 K - a +2 cloak of poison resistance (worn)
 U - a +0 pair of gloves of dexterity (worn)
Jewellery
 k - an uncursed ring of protection from cold
 q - the amulet "Huun" (around neck) {Faith Str+2 Dex+2}
   (You found it on level 10 of the Dungeon)

   [amulet of faith]

   It allows you to gain divine favour quickly.
   It affects your strength (+2).
   It affects your dexterity (+2).
 u - the ring of Devotion (right hand) {rCorr *Corrode +Fly rElec}
   (You found it in a Gauntlet)

   [ring of resist corrosion]

   It insulates you from electricity.
   It lets you fly.
   It may corrode you when you take damage.
 B - an uncursed ring of flight
 H - an uncursed ring of see invisible
Scrolls
 d - 2 scrolls of amnesia
 e - 5 scrolls of identify
 i - 19 scrolls of teleportation
 n - 10 scrolls of remove curse
 w - a scroll of noise
 y - 2 scrolls of blinking
 A - 3 scrolls of fear
 M - 2 scrolls of magic mapping
Potions
 g - 5 potions of berserk rage
 h - 8 potions of curing
 m - 4 potions of resistance
 p - 5 potions of agility
 N - 2 potions of might
 O - 8 potions of heal wounds
 S - 2 potions of haste
Miscellaneous
 c - a lightning rod (4/4)
 l - a phantom mirror
Comestibles
 f - 52 rations
 r - 2 chunks of flesh


   Skills:
 + Level 15.1 Fighting
 + Level 16.9 Long Blades
 + Level 17.0 Armour
 + Level 3.0 Dodging
 + Level 1.7 Stealth
 + Level 22.3 Shields
 + Level 2.0 Invocations
 + Level 1.2 Evocations


You had 16 spell levels left.
You didn't know any spells.
Your spell library contained the following spells:

 Spells                   Type           Power        Failure   Level  Hunger
 Animate Skeleton         Necr           N/A          99%         1    ##.....
 Apportation              Tloc           #.....       99%         1    ##.....
 Confusing Touch          Hex            #.....       99%         1    ##.....
 Corona                   Hex            #......      99%         1    ##.....
 Magic Dart               Conj           #...         99%         1    ##.....
 Sting                    Conj/Pois      #...         99%         1    ##.....
 Summon Butterflies       Summ           #.......     99%         1    ##.....
 Summon Small Mammal      Summ           #...         99%         1    ##.....
 Blink                    Tloc           N/A          100%        2    ###....
 Call Imp                 Summ           #.......     100%        2    ###....
 Ensorcelled Hibernation  Hex/Ice        #.....       100%        2    ###....
 Poisonous Vapours        Pois/Air       #.....       100%        2    ###....
 Slow                     Hex            #.......     100%        2    ###....
 Call Canine Familiar     Summ           #.......     100%        3    ####...
 Confuse                  Hex            #.......     100%        3    ####...
 Conjure Flame            Conj/Fire      #.......     100%        3    ####...
 Dazzling Spray           Conj/Hex       #.....       100%        3    ####...
 Gell's Gravitas          Tloc           #.........   100%        3    ####...
 Lesser Beckoning         Tloc           #.........   100%        3    ####...
 Mephitic Cloud           Conj/Pois/Air  #.......     100%        3    ####...
 Summon Guardian Golem    Hex/Summ       #.......     100%        3    ####...
 Tukima's Dance           Hex            #.......     100%        3    ####...
 Cause Fear               Hex            #.........   100%        4    #####..
 Olgreb's Toxic Radiance  Pois           #.......     100%        4    #####..
 Petrify                  Tmut/Erth      #.......     100%        4    #####..
 Summon Ice Beast         Ice/Summ       #.......     100%        4    #####..
 Summon Lightning Spire   Summ/Air       #.......     100%        4    #####..
 Alistair's Intoxication  Tmut/Pois      #.......     100%        5    ######.
 Metabolic Englaciation   Hex/Ice        #.........   100%        5    ######.
 Silence                  Hex/Air        #.........   100%        5    ######.
 Venom Bolt               Conj/Pois      #.........   100%        5    ######.
 Yara's Violent Unravell  Hex/Tmut       #.........   100%        5    ######.
 Deflect Missiles         Chrm/Air       #.........   100%        6    #######
 Invisibility             Hex            #.......     100%        6    #######
 Controlled Blink         Tloc           N/A          100%        8    #######
 Discord                  Hex            #.........   100%        8    #######
 Disjunction              Tloc           #.........   100%        8    #######


Dungeon Overview and Level Annotations

Branches:
Dungeon (15/15)            Temple (1/1) D:6            Lair (6/6) D:10
 Shoals (2/4) Lair:4       Spider (4/4) Lair:3        Slime (0/5) Lair:5
    Orc (2/2) D:12            Elf (0/3) Orc:2        Vaults (0/5) D:13
 Depths (0/5) D:15

Altars:
Dithmenos
Elyvilon
Okawaru
Ru
Xom

Shops:
D:6 (   D:9 *   Orc:2 [}[%!

Annotations:
D:9 2 runed translucent doors, Flure's ghost, novice DrIE
Shoals:2 Ilsuiw; Kirke


Innate Abilities, Weirdness & Mutations

You reflexively headbutt those who attack you in melee.
You have a pair of horns on your head.


Message History

You block the water elemental's attack. The hog bites you but does no damage.
Your unstable footing causes you to fumble your attack.
* * * LOW HITPOINT WARNING * * *
Your lungs strain for air!
The water elemental hits you.
* * * LOW HITPOINT WARNING * * *
You block Kirke's attack. The hog bites you but does no damage.
The hog splashes around in the water.
You barely miss Kirke. You headbutt Kirke.
Kirke is severely wounded.
* * * LOW HITPOINT WARNING * * *
Your lungs strain for air!
The water elemental completely misses you.
You block the water elemental's attack. You block the hog's attack.
The hog bites you but does no damage. Kirke hits you but does no damage.
Unknown command.
Unknown command.
You slash Kirke! You headbutt Kirke.
Kirke is almost dead.
You die...

≈≈≈≈≈≈≈≈≈..≈≈≈≈
..≈≈≈≈≈≈≈≈≈≈≈≈≈≈≈
#≈≈≈≈≈≈≈≈≈≈≈≈≈≈≈≈
.≈≈≈≈.≈≈≈≈≈≈≈≈≈≈≈
.≈≈≈≈≈≈≈≈{≈≈≈≈≈≈≈
≈≈≈≈≈≈≈≈≈≈≈...≈
≈≈≈≈≈≈≈≈≈)≈.# ≈
.≈≈≈≈≈≈≈E@h###≈≈≈
....≈≈≈HEh@hh≈≈≈≈
####.≈≈>≈Ehh≈≈≈≈≈
##.≈≈≈...≈≈≈≈≈
##.).###≈≈≈≈≈
##..$###≈≈≈..
##..≈.....≈≈..
#..........≈≈≈
#.......##.≈≈≈


You could see Kirke, a sphinx, 3 water elementals and 6 hogs.

Vanquished Creatures
  Nikola (Shoals:2)
  Arachne (Spider:3)
  The ghost of PikkenKukken the Spry, an adept TeAE of Kikubaaqudgha (Shoals:1)
  An orc warlord (Orc:1)
  9 emperor scorpions
  3 ghost moths (Spider:4)
  An entropy weaver (Spider:1)
  A stone giant (Orc:1)
  A spark wasp (Spider:4)
  A minotaur (Gauntlet)
  2 merfolk impalers
  Fannar (Lair:1)
  4 vault guards (D:13)
  Harold (D:7)
  A fire dragon (Lair:6)
  5 hydras
  A ghost crab (Gauntlet)
  A merfolk avatar (Shoals:1)
  4 two-headed ogres
  7 death yaks (Lair:4)
  An ogre mage (D:15)
  A merfolk aquamancer (Shoals:1)
  2 centaur warriors
  Erica (Orc:1)
  A catoblepas (Lair:4)
  A tengu warrior (Gauntlet)
  An orc high priest (Orc:2)
  A fire crab (Lair:6)
  A skeletal warrior (D:12)
  4 unseen horrors
  5 sea snakes (Shoals:1)
  A sea snake (shapeshifter) (D:13)
  2 orc knights (Orc:1)
  2 deep elf magi
  A wizard (D:15)
  A necromancer (D:15)
  3 harpies (Shoals:1)
  20 orb spiders
  A wolf spider zombie (D:14)
  5 ugly things
  4 cyclopes
  5 manticores
  8 fauns
  17 wolf spiders
  7 orc sorcerers
  A moth of wrath (Spider:2)
  Joseph (D:7)
  8 merfolk sirens
  Psyche (D:10)
  2 black mambas
  6 elephants
  Maurice (D:11)
  2 naga magi (D:15)
  2 torpor snails (Spider:1)
  8 spiny frogs
  4 gargoyles
  3 molten gargoyles
  5 centaur skeletons
  9 demonic crawlers
  16 komodo dragons
  A tengu conjurer (Gauntlet)
  A kobold demonologist (D:11)
  A polar bear (Lair:6)
  3 meliai (D:15)
  11 merfolk
  2 wind drakes (Shoals:2)
  9 trolls
  Grinder (D:4)
  32 jumping spiders
  5 hornets
  8 blink frogs
  A meliai zombie (D:15)
  12 hippogriffs
  14 slime creatures
  7 snapping turtles (Shoals:1)
  A dream sheep (shapeshifter) (D:13)
  A centaur simulacrum (D:15)
  Sigmund (D:2)
  6 shadows
  6 wyverns
  12 water elementals
  21 tarantellas
  3 wraiths
  61 yaks
  69 redbacks
  A vampire (D:15)
  A fire elemental (Volcano)
  Eustachio (D:6)
  3 hogs (D:7)
  4 basilisks
  A steam dragon (Lair:6)
  2 hungry ghosts
  A human (D:7)
  A vampire mosquito (D:15)
  A warg (Orc:1)
  Menkaure (D:5)
  Grum (D:10)
  Edmund (D:4)
  A soldier ant (D:13)
  8 water moccasins
  4 hell hounds (Lair:6)
  8 porcupines
  A meliai simulacrum (D:14)
  A hornet zombie (D:14)
  An eye of draining (D:14)
  30 orc warriors
  3 sky beasts
  8 ice beasts
  10 ogres
  6 phantoms
  12 centaurs
  8 wolves
  Blork the orc (D:4)
  9 crocodiles
  2 big kobolds
  13 bullfrogs
  A gnoll sergeant (D:6)
  A wyvern skeleton (D:12)
  4 scorpions
  9 killer bees
  A wight (D:12)
  2 electric eels
  5 howler monkeys
  3 bullfrog zombies
  7 crimson imps
  5 lava snakes (Lair:6)
  6 centaur zombies
  2 quasits
  8 jellies
  22 orc priests
  2 bullfrog skeletons
  7 hounds
  47 orc wizards
  An iguana (D:5)
  Ijyb (D:5)
  12 worker ants
  A killer bee zombie (D:6)
  A hound zombie (D:7)
  A hound skeleton (D:5)
  Robin (D:4)
  9 gnolls (D:6)
  A howler monkey skeleton (D:10)
  8 adders
  4 shadow imps
  2 oozes
  An adder skeleton (D:3)
  2 worms (D:4)
  A dart slug (D:4)
  7 leopard geckos
  111 orcs
  3 ball pythons
  4 giant cockroaches
  19 goblins
  4 hobgoblins
  6 jackals
  3 quokkas
  7 bats
  7 frilled lizards
  16 kobolds
  A leopard gecko skeleton (D:5)
  A leopard gecko zombie (D:6)
  2 quokka zombies
  6 rats
  A fungus (Lair:6)
  3 plants (Lair:1)
1025 creatures vanquished.

Vanquished Creatures (others)
  An orb spider (Spider:2)
  A molten gargoyle (Lair:6)
  An orc priest (Orc:2)
  2 orc wizards
  4 fungi (Gauntlet)
  12 plants
21 creatures vanquished.

Grand Total: 1046 creatures vanquished

Notes
Turn   | Place    | Note
-------+----------+-------------------------------------------
     0 | D:1      | Peloso the Minotaur Fighter began the quest for the Orb.
     0 | D:1      | Reached XP level 1. HP: 19/19 MP: 0/0
   135 | D:1      | Reached skill level 4 in Shields
   135 | D:1      | Reached XP level 2. HP: 14/27 MP: 1/1
   574 | D:2      | Reached XP level 3. HP: 20/33 MP: 2/2
   669 | D:2      | Noticed Sigmund
  1029 | D:2      | Killed Sigmund
  1029 | D:2      | Reached skill level 1 in Dodging
  1029 | D:2      | Reached skill level 5 in Shields
  1029 | D:2      | Reached XP level 4. HP: 4/41 MP: 3/3
  1029 | D:2      | Reached XP level 5. HP: 5/47 MP: 4/4
  1712 | D:3      | Reached skill level 5 in Armour
  2002 | D:3      | Found a faded altar of an unknown god.
  2141 | D:3      | Reached XP level 6. HP: 32/53 MP: 5/5
  2568 | D:4      | Noticed Edmund
  2601 | D:4      | Killed Edmund
  2601 | D:4      | Reached skill level 5 in Long Blades
  2607 | D:4      | Found a white marble altar of Elyvilon.
  2730 | D:4      | Noticed Robin
  2740 | D:4      | Reached XP level 7. HP: 49/60 MP: 6/6
  2979 | D:4      | Killed Robin
  3077 | D:4      | Noticed Grinder
  3078 | D:4      | Paralysed by Grinder for 2 turns
  3085 | D:4      | Killed Grinder
  3085 | D:4      | Reached skill level 5 in Fighting
  3085 | D:4      | Reached skill level 6 in Shields
  3155 | D:4      | Noticed Blork the orc
  3171 | D:4      | Killed Blork the orc
  3705 | D:5      | Entered Level 5 of the Dungeon
  3710 | D:5      | Noticed Menkaure
  3719 | D:5      | Killed Menkaure
  3719 | D:5      | Reached XP level 8. HP: 23/68 MP: 7/7
  4062 | D:5      | Reached skill level 7 in Shields
  4352 | D:5      | Found a shadowy altar of Dithmenos.
  4502 | D:5      | Found a shadowy altar of Dithmenos.
  4738 | D:5      | Noticed Ijyb
  4743 | D:5      | Paralysed by Ijyb for 7 turns
  4753 | D:5      | Paralysed by Ijyb for 2 turns
  4758 | D:5      | Paralysed by Ijyb for 7 turns
  4770 | D:5      | Killed Ijyb
  4969 | D:5      | Reached skill level 8 in Shields
  5502 | D:6      | Reached XP level 9. HP: 67/75 MP: 8/8
  5674 | D:6      | Noticed Eustachio
  5700 | D:6      | Killed Eustachio
  5700 | D:6      | Reached skill level 1 in Stealth
  5701 | D:6      | Found a staircase to the Ecumenical Temple.
  5710 | Temple   | Entered the Ecumenical Temple
  5717 | Temple   | Became a worshipper of Warmaster Okawaru
  6073 | D:6      | Found Pepnedich's Antique Weapon Shop.
  6087 | D:6      | Bought a glowing falchion for 138 gold pieces
  6197 | D:6      | You fall through a shaft for 3 floors!
  6309 | D:9      | Reached * piety under Okawaru
  6309 | D:9      | Reached skill level 9 in Shields
  6496 | D:9      | Found a large runed translucent door.
  6497 | D:9      | Found a large runed translucent door.
  6500 | D:9      | Noticed Flure's ghost (novice DrIE)
  6535 | D:8      | Reached skill level 10 in Long Blades
  6892 | D:8      | Got a pair of distressingly furry boots
  6903 | D:8      | Identified the +2 pair of boots of Egalitarianism {+Inv
                  | Stlth+} (You found it on level 8 of the Dungeon)
  7015 | D:7      | Reached ** piety under Okawaru
  7015 | D:7      | Reached skill level 10 in Shields
  7254 | D:7      | Reached XP level 10. HP: 71/86 MP: 9/9
  7312 | D:7      | Noticed Harold
  7354 | D:7      | Killed Harold
  7381 | D:7      | Reached *** piety under Okawaru
  7665 | D:7      | Got an ancient trident
  7691 | D:7      | Noticed Joseph
  7728 | D:7      | Killed Joseph
  8106 | D:8      | Reached skill level 11 in Shields
  8399 | D:8      | Reached **** piety under Okawaru
  8903 | D:9      | Found Peprish's Assorted Antiques.
  8950 | D:9      | Bought a scroll labeled POMERI ONIS for 32 gold pieces
  8950 | D:9      | Bought a sedimented green potion for 28 gold pieces
  8950 | D:9      | Bought a scroll labeled EDWANW NEGITH for 32 gold pieces
  8950 | D:9      | Bought a scroll labeled EPLEREFEWK for 32 gold pieces
  9513 | D:10     | Entered Level 10 of the Dungeon
  9521 | D:10     | Received a gift from Okawaru
  9623 | D:10     | Noticed Psyche
  9630 | D:10     | Noticed Grum
  9634 | D:10     | Reached XP level 11. HP: 79/94 MP: 10/10
  9638 | D:10     | Killed Grum
  9638 | D:10     | Reached skill level 10 in Armour
  9657 | D:10     | Got a scintillating ruby amulet
  9659 | D:10     | Identified the amulet "Huun" {Faith Str+2 Dex+2} (You found
                  | it on level 10 of the Dungeon)
  9762 | D:10     | Killed Psyche
  9911 | D:10     | Got a twisted chain mail
  9922 | D:10     | Identified the +9 chain mail of Restlessness {-Tele +Fly
                  | rPois MR+++} (You found it on level 10 of the Dungeon)
  9994 | D:10     | You fall through a shaft for 3 floors!
  9994 | D:13     | Noticed a brown ugly thing
  9996 | D:13     | Noticed a centaur warrior
 10031 | D:13     | Reached ***** piety under Okawaru
 10038 | D:13     | Reached skill level 12 in Shields
 10046 | D:13     | Killed a brown ugly thing
 10053 | D:13     | Killed a centaur warrior
 10317 | D:13     | Received a gift from Okawaru
 10442 | D:11     | Noticed Maurice
 10452 | D:11     | Killed Maurice
 10826 | D:10     | Found a staircase to the Lair.
 11107 | D:11     | Noticed an unseen horror
 11146 | D:11     | Killed an unseen horror
 11146 | D:11     | Reached skill level 13 in Shields
 11146 | D:11     | Reached skill level 1 in Evocations
 11797 | D:12     | Reached XP level 12. HP: 85/104 MP: 11/11
 11843 | D:12     | Noticed a two-headed ogre
 11849 | D:12     | Killed a two-headed ogre
 11849 | D:12     | Received a gift from Okawaru
 11851 | D:12     | Noticed a two-headed ogre
 11851 | D:12     | Noticed a centaur warrior
 11857 | D:12     | Killed a two-headed ogre
 11857 | D:12     | Received a gift from Okawaru
 11862 | D:12     | Killed a centaur warrior
 11989 | D:12     | Identified the amulet "Zapuaw" {Acrobat Dex+2}
 12224 | D:12     | Reached skill level 14 in Shields
 12318 | D:12     | Reached skill level 10 in Fighting
 12318 | D:12     | Reached skill level 1 in Invocations
 12586 | D:12     | Received a gift from Okawaru
 12603 | D:12     | Reached ****** piety under Okawaru
 12713 | Lair:1   | Entered Level 1 of the Lair of Beasts
 12833 | Lair:1   | Found a dark tunnel.
 12839 | Volcano  | Entered a volcano
 13239 | Lair:1   | Noticed a seven-headed hydra
 13251 | Lair:1   | Killed a two-headed hydra
 13251 | Lair:1   | Received a gift from Okawaru
 13459 | Lair:1   | Reached XP level 13. HP: 109/114 MP: 12/12
 13470 | Lair:1   | Reached skill level 15 in Shields
 13657 | Lair:1   | Noticed Fannar
 13672 | Lair:1   | Killed Fannar
 14481 | Lair:2   | Received a gift from Okawaru
 15538 | Lair:3   | Found a hole to the Spider Nest.
 15623 | Lair:3   | Reached skill level 16 in Shields
 16577 | Lair:4   | Found a staircase to the Shoals.
 16719 | Lair:4   | Received a gift from Okawaru
 16774 | Lair:4   | Got an ichor-stained crystal plate armour {god gift}
 16791 | Lair:4   | Identified the +3 crystal plate armour of Zexudib {MP+9
                  | Int+4 Dex+3} (Okawaru gifted it to you on level 4 of the
                  | Lair of Beasts)
 17190 | Lair:4   | You fall through a shaft!
 17190 | Lair:5   | Found a staircase to the Slime Pits.
 17196 | Lair:5   | Reached skill level 15 in Long Blades
 17366 | Lair:5   | Reached XP level 14. HP: 122/125 MP: 13/13
 18245 | Lair:5   | Identified a scroll of acquirement
 18515 | Lair:6   | Entered Level 6 of the Lair of Beasts
 18795 | Lair:6   | Reached skill level 17 in Shields
 19089 | Lair:5   | Received a gift from Okawaru
 19101 | Lair:5   | Got a slimy robe {god gift}
 20719 | Lair:6   | Found a large runed translucent door.
 20719 | Lair:6   | Found a large runed translucent door.
 22473 | D:12     | Found a staircase to the Orcish Mines.
 22857 | D:13     | Found a gate to the Vaults.
 22913 | D:13     | Received a gift from Okawaru
 22939 | D:13     | Reached skill level 18 in Shields
 23389 | D:14     | Found a gate leading to a gauntlet.
 23398 | Gauntlet | Entered a Gauntlet
 23398 | Gauntlet | Found a transporter.
 23409 | Gauntlet | Found a transporter.
 23411 | Gauntlet | Found a transporter.
 23413 | Gauntlet | Found a transporter.
 23413 | Gauntlet | Found a large runed translucent door.
 23413 | Gauntlet | Found a large runed translucent door.
 23414 | Gauntlet | Found a large runed translucent door.
 23414 | Gauntlet | Found a large runed translucent door.
 23429 | Gauntlet | Found a transporter.
 23442 | Gauntlet | Found a transporter.
 23450 | Gauntlet | Found a transporter.
 23463 | Gauntlet | Noticed a cacodemon
 23465 | Gauntlet | Found a transporter.
 23485 | Gauntlet | Found a transporter.
 23493 | Gauntlet | Found a large runed translucent door.
 23494 | Gauntlet | Found a large runed translucent door.
 23495 | Gauntlet | Found a large runed translucent door.
 23495 | Gauntlet | Found a large runed translucent door.
 23496 | Gauntlet | Found a runed translucent gate.
 23497 | Gauntlet | Found a transporter.
 23497 | Gauntlet | Found a runed translucent gate.
 23498 | Gauntlet | Found a runed translucent gate.
 23499 | Gauntlet | Found a large runed translucent door.
 23499 | Gauntlet | Found a large runed translucent door.
 23500 | Gauntlet | Found a large runed translucent door.
 23501 | Gauntlet | Found a large runed translucent door.
 23509 | Gauntlet | Found a transporter.
 23518 | Gauntlet | Found a transporter.
 23533 | Gauntlet | Found a transporter.
 23551 | Gauntlet | Found a transporter.
 23568 | Gauntlet | Found a transporter.
 23570 | Gauntlet | Found a transporter.
 23601 | Gauntlet | Found a transporter.
 23603 | Gauntlet | Found a transporter.
 23702 | Gauntlet | Got a scorched marble ring
 23704 | Gauntlet | Identified the ring of Devotion {rCorr *Corrode +Fly rElec}
                  | (You found it in a Gauntlet)
 23716 | Gauntlet | Found a large runed translucent door.
 23716 | Gauntlet | Found a large runed translucent door.
 23716 | Gauntlet | Found a runed translucent door.
 23716 | Gauntlet | Found a runed translucent door.
 23718 | Gauntlet | Found a large runed translucent door.
 23719 | Gauntlet | Found a large runed translucent door.
 24074 | Gauntlet | Got a distressingly furry cloak
 24085 | Gauntlet | Identified the cursed -5 cloak of Ashenzari's Delight {rN++
                  | MP+9 Str-5 Stlth+} (You found it in a Gauntlet)
 24088 | Gauntlet | Identified The Intricacies of Witchery
 24179 | Gauntlet | Identified the ring "Xeazeept" {-Tele Str+7 Stlth-}
 24716 | D:14     | Reached XP level 15. HP: 129/134 MP: 14/15
 25242 | Orc:1    | Entered Level 1 of the Orcish Mines
 25243 | Orc:1    | Paralysed by an orc sorcerer for 5 turns
 25258 | D:12     | Paralysed by an orc sorcerer for 3 turns
 25479 | Orc:1    | Noticed Erica
 25508 | Orc:1    | Killed Erica
 25869 | Orc:1    | Found Iwnezou's Food Shop.
 26191 | Orc:2    | Entered Level 2 of the Orcish Mines
 26464 | Orc:2    | Received a gift from Okawaru
 26473 | Orc:2    | Paralysed by an orc sorcerer for 5 turns
 26488 | Orc:2    | Noticed an orc warlord
 26988 | Orc:1    | Killed an orc warlord
 27505 | Orc:2    | Found Babethus's Gadget Emporium.
 27505 | Orc:2    | Found Pisyss's Food Shoppe.
 27508 | Orc:2    | Found Luav's Antique Armour Emporium.
 27508 | Orc:2    | Found Xinaphou's Distillery.
 28073 | Orc:2    | Bought a faintly humming plate armour for 756 gold pieces
 28086 | Orc:2    | Identified the +5 plate armour of the City {+Blink rElec
                  | Str-5} (You bought it in a shop on level 2 of the Orcish
                  | Mines)
 28099 | Orc:2    | Bought a pair of runed gloves for 202 gold pieces
 28110 | Orc:2    | Bought a pair of glowing gloves for 202 gold pieces
 28291 | Orc:2    | Bought a potion of heal wounds for 65 gold pieces
 28291 | Orc:2    | Bought a potion of heal wounds for 65 gold pieces
 28550 | Orc:2    | Reached skill level 15 in Armour
 28634 | Orc:2    | Found a staircase to the Elven Halls.
 28688 | Orc:2    | Found Mixim's Armour Emporium.
 28696 | Orc:2    | Bought a +2 cloak of poison resistance for 222 gold pieces
 28941 | Orc:1    | Reached skill level 19 in Shields
 29687 | D:15     | Entered Level 15 of the Dungeon
 30485 | D:15     | Received a gift from Okawaru
 31170 | D:15     | Found a staircase to the Depths.
 31641 | Spider:1 | Entered Level 1 of the Spider Nest
 33253 | Spider:1 | Reached skill level 20 in Shields
 33413 | Spider:2 | Received a gift from Okawaru
 33731 | Spider:2 | Reached XP level 16. HP: 114/145 MP: 16/16
 34392 | Spider:2 | Got a blackened chain mail
 34403 | Spider:2 | Identified the +4 chain mail of Luzuofedgh {SInv} (You
                  | found it on level 2 of the Spider Nest)
 35438 | Spider:3 | Noticed Arachne
 35482 | Spider:3 | Killed Arachne
 35774 | Spider:4 | Entered Level 4 of the Spider Nest
 36065 | Spider:4 | Received a gift from Okawaru
 36619 | Spider:4 | Reached skill level 21 in Shields
 38349 | Spider:4 | Received a gift from Okawaru
 38513 | Spider:4 | Got an encrusted demon blade {god gift}
 38514 | Spider:4 | Identified the +7 demon blade of Slow Death {pain, rF- MR-
                  | Str+2 Dex+7} (Okawaru gifted it to you on level 4 of the
                  | Spider Nest)
 38763 | Spider:4 | Reached XP level 17. HP: 105/154 MP: 0/17
 39004 | Spider:4 | Got a gossamer rune of Zot
 39675 | Shoals:1 | Entered Level 1 of the Shoals
 40000 | Shoals:1 | Found a runed translucent door.
 40015 | Shoals:1 | Noticed PikkenKukken's ghost (adept TeAE)
 40065 | Shoals:1 | Killed PikkenKukken's ghost
 40065 | Shoals:1 | Reached skill level 22 in Shields
 40706 | Shoals:1 | Received a gift from Okawaru
 41101 | Shoals:2 | Reached skill level 15 in Fighting
 41321 | Shoals:2 | Noticed Nikola
 41330 | Shoals:2 | Noticed Ilsuiw
 41340 | Shoals:2 | Killed Nikola
 41350 | Shoals:2 | Noticed Kirke
 41378 | Shoals:2 | HP: 1/156 [drowned by a water elemental[Ilsuiw] (8)]
 41379 | Shoals:2 | Drowned by a water elemental

Skill      XL: |  1  2  3  4  5  6  7  8  9 10 11 12 13 14 15 16 17 |
---------------+----------------------------------------------------+-----
Shields        | 4 5 6 8 10 11 13 14 16 18 20 21 22 | 22.3
Armour         | 4 5 7 8 9 11 13 14 15 16 17 | 17.0
Long Blades    | 3 4 5 7 8 10 11 13 14 15 16 | 16.9
Fighting       | 4 5 6 7 8 9 10 11 12 13 14 15 | 15.1
Dodging        | 1 2 3 |  3.0
Stealth        | 1 |  1.7
Evocations     | 1 |  1.2
Invocations    | 1 2 |  2.0

Action                   |  1- 3 |  4- 6 |  7- 9 | 10-12 | 13-15 | 16-18 || total
-------------------------+-------+-------+-------+-------+-------+-------++-------
Melee: Long sword        |    89 |   138 |   318 |       |       |       ||   545
       Headbutt          |    14 |    26 |   103 |   287 |   915 |   497 ||  1842
       Falchion          |       |       |   144 |  1065 |  2457 |   895 ||  4561
       Demon blade       |       |       |       |       |       |   374 ||   374
Invok: Heroism           |       |       |       |     4 |    11 |     4 ||    19
       Finesse           |       |       |       |       |     1 |     1 ||     2
Evoke: Wand              |       |       |       |     9 |     3 |     2 ||    14
  Use: Potion            |       |     1 |     2 |     1 |     2 |     2 ||     8
       Scroll            |       |       |    10 |    13 |    11 |     4 ||    38
 Stab: Sleeping          |       |       |       |     1 |       |       ||     1
  Eat: Ration            |       |     1 |       |       |     4 |     2 ||     7
       Chunk             |       |     2 |    15 |    27 |    54 |    19 ||   117
Armor: Scale mail        |    40 |       |       |       |       |       ||    40
       Chain mail        |     2 |    63 |    87 |    20 |       |       ||   172
       Crystal plate arm |       |       |   130 |   450 |  1382 |   861 ||  2823
Dodge: Dodged            |    21 |    30 |    91 |   156 |   521 |   316 ||  1135
Block: Shield            |    63 |    86 |   259 |   553 |  1852 |  1241 ||  4054
       Rpst.: Long sword |     6 |     8 |    16 |       |       |       ||    30
       Falchion          |       |       |     8 |    40 |   138 |    42 ||   228
       Demon blade       |       |       |       |       |       |    18 ||    18
